 Dungeon Crawl Stone Soup version 0.30-a0-760-g5a9884bb7c (webtiles) character file.

Game seed: 16330350455634845522

207 kae the Digger (level 5, -13/28 HPs)
             Began as a Gargoyle Earth Elementalist on Feb 10, 2023.
             Mangled by an ogre
             ... wielding a +0 giant club
              (20 damage)
             ... on level 3 of the Dungeon.
             The game lasted 00:02:06 (2820 turns).

kae the Digger (Gargoyle Earth Elementalist)        Turns: 2820, Time: 00:02:07

Health: -13/28     AC:  7    Str: 11    XL:     5   Next: 85%
Magic:  7/9        EV: 11    Int: 18    God:
Gold:   131        SH:  0    Dex: 10    Spells: 0/10 levels left

rFire   . . .      SeeInvis .    (no weapon)
rCold   . . .      Faith    .    (no shield)
rNeg    + . .      Spirit   .    a - +1 robe
rPois   ∞          Reflect  .    (no helmet)
rElec   +          Harm     .    (no cloak)
rCorr   .          Rampage  .    (no gloves)
Will    .....                    (no boots)
Stlth   ++                       (no amulet)
HPRegen 0.24/turn                (no ring)
MPRegen 0.11/turn                (no ring)

@: no status effects
A: sickness immunity, AC +4, negative energy resistance 1, electricity
resistance, torment resistance 1, petrification resistance
a: no special abilities


You were on level 3 of the Dungeon.
You visited 1 branch of the dungeon, and saw 4 of its levels.

You collected 153 gold pieces.
You spent 22 gold pieces at shops.


Innate Abilities, Weirdness & Mutations

You are immune to sickness and miasma.
Your stone body is resilient. (AC +4)
You are immune to poison.
You resist negative energy. (rN+)
You are resistant to electric shocks. (rElec)
You are resistant to unholy torment.
You are immune to petrification.


   Skills:
 - Level 1.5 Dodging
 - Level 2.1 Stealth
 + Level 3.2 Spellcasting
 * Level 2.4 Conjurations
 - Level 0.7 Transmutations
 * Level 6.1 Earth Magic


You couldn't memorise any spells.
You knew the following spells:

 Your Spells              Type           Power      Damage    Failure   Level
a - Sandblast             Erth           48%        2d12      1%          1
b - Stone Arrow           Conj/Erth      36%        3d9       9%          3
c - Passwall              Tmut/Erth      12%        N/A       6%          2
d - Petrify               Tmut/Erth      15%        N/A       36%         4

Your spell library contained the following spells:

 Spells                   Type           Power      Damage    Failure   Level
 Slow                     Hex            8%         N/A       16%         1
 Confusing Touch          Hex            2%         N/A       43%         3
 Ozocubu's Armour         Ice            2%         N/A       43%         3
 Vampiric Draining        Necr           2%         2d6       43%         3
 Ozocubu's Refrigeration  Ice            1%         4d7       100%        7

Inventory:

Missiles
 d - 10 poisoned darts (quivered)
 e - 45 stones
 i - 4 boomerangs
Armour
 a - a +1 robe (worn)
Wands
 g - a wand of digging (6)
   (You found it on level 3 of the Dungeon)
Scrolls
 m - a scroll of noise {!r}
 n - 2 scrolls of enchant armour
 q - 2 scrolls of teleportation {@r4}
Potions
 b - a potion of magic
 c - 2 potions of attraction {!q}
 f - a potion of ambrosia
 h - a potion of heal wounds {@q2}
 j - a potion of cancellation
 k - a potion of haste {@q3}
 o - a potion of curing {@q1}
 r - a potion of brilliance {unknown}

Dungeon Overview and Level Annotations

Branches:
Dungeon (4/15) Zot: 21126
 Temple: D:4-7

Altars:

Shops:
D:3

? #.§§§§≈§#
#.##..#..######..#..###
#.§§§§§§#
#.....##........##.##
##§§§§§####......###....###..#
########.'...>....######...##
#.# ###................## #.#
#......######.##.# #.#
#......# ###.....# ###'##
##+###(# #...##### #....#
#.###@###.### #....#
#...O[....##
#....######..........#
#....'...............#
#....######..........#
#####.....#..........#
#.###'#.........##
######'##.<..........#
........#............#


You could see an ogre.


Message History

Casting: Sandblast (safe; 1% risk of failure)
Confirm with . or Enter, or press ? or * to list all spells.
You can't see any susceptible monsters within range! (Use Z to cast anyway.)
You start resting. 😮 HP[+1] MP[+1]
You start resting. 😮 HP[+5] MP[+2]
You regained 5 hp, and now have 20/28 hp.
Your mp is fully restored (9).
Done exploring. 😕 HP[+3]
You regained 3 hp, and now have 23/28 hp.
You start resting. 😎 HP[+5]
Your hp is fully restored (28).
You climb downwards.
The gnoll hits you with a +0 whip.
The kobold hits you with a +0 short sword.
There is a stone staircase leading up here. 😕 HP[-3]
You take 3 damage, and now have 25/28 hp.
The gnoll hits you with a +0 whip. The kobold hits you but does no damage.
You climb upwards.
There is a stone staircase leading down here. 😕 HP[-2]
You take 2 damage, and now have 23/28 hp.
Casting: Sandblast (safe; 1% risk of failure)
Confirm with . or Enter, or press ? or * to list all spells.
Aiming: Sandblast (safe; 1% risk of failure)
Press: ? - help, Shift-Dir - straight line, f - kobold
Aim: a kobold, wielding a +0 short sword and quivering stones (79% to hit)
The blast of sand hits the kobold!
You kill the kobold!
The gnoll hits you with a +0 whip.
The gnoll hits you but does no damage. 😕 HP[-1] MP[-1]
You take 1 damage, and now have 22/28 hp.
You lost 1 mp, and now have 8/9 mp.
Casting: Sandblast (safe; 1% risk of failure)
Confirm with . or Enter, or press ? or * to list all spells.
Aiming: Sandblast (safe; 1% risk of failure)
Press: ? - help, Shift-Dir - straight line, f - gnoll
Aim: a gnoll, wielding a +0 whip (85% to hit)
The blast of sand hits the gnoll!
The gnoll hits you with a +0 whip. 😮 HP[-3] MP[-1]
You take 3 damage, and now have 19/28 hp.
You lost 1 mp, and now have 7/9 mp.
Casting: Sandblast (safe; 1% risk of failure)
Confirm with . or Enter, or press ? or * to list all spells.
Aiming: Sandblast (safe; 1% risk of failure)
Press: ? - help, Shift-Dir - straight line, f/p - gnoll
Aim: a gnoll, wielding a +0 whip (severely wounded, 85% to hit)
The blast of sand hits the gnoll!!
You kill the gnoll! 😮 MP[-1]
You lost 1 mp, and now have 6/9 mp.
Casting: Sandblast (safe; 1% risk of failure)
Confirm with . or Enter, or press ? or * to list all spells.
You can't see any susceptible monsters within range! (Use Z to cast anyway.)
Casting: Sandblast (safe; 1% risk of failure)
Confirm with . or Enter, or press ? or * to list all spells.
You can't see any susceptible monsters within range! (Use Z to cast anyway.)
You start resting. 😮 HP[+1] MP[+1]
You start resting. 😕 HP[+3] MP[+1]
You regained 3 hp, and now have 23/28 hp.
You start resting. 😕 HP[+1] MP[+1]
Your mp is fully restored (9).
You start resting. 😎 HP[+4]
Your hp is fully restored (28).
You climb downwards.
The ogre closely misses you.
There is a stone staircase leading up here.
The ogre hits you with a +0 giant club!!
Ouch! That really hurt!
* * * LOW HITPOINT WARNING * * *
You climb upwards.
There is a stone staircase leading down here. 😨 HP[-18]
You take 18 damage, and now have 10/28 hp.
MASSIVE DAMAGE!! (PAUSE)
Casting: Sandblast (safe; 1% risk of failure)
Confirm with . or Enter, or press ? or * to list all spells.
Aiming: Sandblast (safe; 1% risk of failure)
Press: ? - help, Shift-Dir - straight line, f - ogre
Aim: an ogre, wielding a +0 giant club (92% to hit)
The blast of sand hits the ogre!
The ogre hits you with a +0 giant club.
* * * LOW HITPOINT WARNING * * *
😱 HP[-4] MP[-1]
You take 4 damage, and now have 6/28 hp.
You lost 1 mp, and now have 8/9 mp.
Casting: Sandblast (safe; 1% risk of failure)
Confirm with . or Enter, or press ? or * to list all spells.
Aiming: Sandblast (safe; 1% risk of failure)
Press: ? - help, Shift-Dir - straight line, f/p - ogre
Aim: an ogre, wielding a +0 giant club (moderately wounded, 92% to hit)
The blast of sand hits the ogre!
The ogre hits you with a +0 giant club!!
Ouch! That really hurt!
You die...

Skill      XL: |  1  2  3  4  5 |
---------------+----------------+-----
Earth Magic    | 4 5 6 |  6.1
Conjurations   | 1 2 |  2.4
Spellcasting   | 3 |  3.2
Dodging        | |  1.5
Stealth        | |  2.1
Transmutations | |  0.7

Action                     |  1- 3 |  4- 6 || total
---------------------------+-------+-------++-------
  Melee: Unarmed           |     3 |       ||     3
   Cast: Sandblast         |    47 |    50 ||    97
    Use: Scroll            |     9 |     6 ||    15
 Armour: Robe              |    11 |     8 ||    19
  Dodge: Dodged            |     9 |    10 ||    19

Levels and vault maps discovered:
D:1:      dpeg_arrival_tiny_a, layout_basic, hangedman_decor_slide_cut
D:2:      minmay_angry_zag, layout_loops_cross, grunt_ministairs_15
D:3:      layout_basic, serial_shops, nicolae_lakefront_shop,
          minmay_randomly_rotated_circles
D:4:      layout_cave_pools, serial_shops, kennysheep_mini, grunt_ministairs_6

Notes
Turn   | Place    | Note
-------+----------+-------------------------------------------
     0 | D:1      | kae the Gargoyle Earth Elementalist began the quest for the
                  | Orb.
     0 | D:1      | Reached XP level 1. HP: 10/10 MP: 3/3
     0 | D:1      | magus.rc [v1.11.3]
   301 | D:1      | Reached skill level 4 in Earth Magic
   456 | D:1      | Reached XP level 2. HP: 15/15 MP: 3/5
   760 | D:2      | You pick up a book of Debilitation and begin reading...
   760 | D:2      | You add the spells Slow, Vampiric Draining and Confusing
                  | Touch to your library.
  1199 | D:2      | Reached XP level 3. HP: 19/19 MP: 4/6
  1347 | D:2      | Reached skill level 5 in Earth Magic
  1602 | D:2      | Learned a level 3 spell: Stone Arrow
  1605 | D:2      | Learned a level 2 spell: Passwall
  1627 | D:3      | Reached XP level 4. HP: 24/24 MP: 5/8
  1973 | D:3      | Reached skill level 1 in Conjurations
  2013 | D:3      | Found Ybaulami's Magic Scroll Shop.
  2023 | D:3      | Bought a scroll of identify for 22 gold pieces
  2237 | D:3      | Reached XP level 5. HP: 28/28 MP: 2/9
  2238 | D:3      | Reached skill level 3 in Spellcasting
  2305 | D:3      | You add the spells Ozocubu's Armour and Ozocubu's
                  | Refrigeration to your library.
  2636 | D:4      | Learned a level 4 spell: Petrify
  2639 | D:4      | Noticed an ogre
  2650 | D:3      | Reached skill level 2 in Conjurations
  2715 | D:3      | Reached skill level 6 in Earth Magic
  2819 | D:3      | HP: 6/28 [ogre/+0 giant club (4)]
  2820 | D:3      | Mangled by an ogre

Vanquished Creatures
  A gnoll bouda (D:3)
  An orc wizard (D:3)
  3 gnolls
  5 adders
  2 worms (D:2)
  2 dart slugs (D:3)
  9 orcs (D:3)
  4 bats (D:2)
  3 endoplasms
  3 giant cockroaches
  6 goblins
  6 hobgoblins
  2 quokkas
  A ball python (D:3)
  2 frilled lizards (D:2)
  10 kobolds
  8 rats
68 creatures vanquished.

Table legend:
 A = Non-vault XP
 B = Vault XP
 C = Vault XP percentage of total XP
 D = Non-vault monster count
 E = Vault monster count
 F = Vault count percentage of total count
                 A         B        C        D         E       F
            +---------+---------+-------+---------+---------+-------
      Total |     251 |      46 |  15.5 |      54 |      14 |  20.6
            +---------+---------+-------+---------+---------+-------
        D:1 |      11 |       0 |   0.0 |       8 |       0 |   0.0
        D:2 |      39 |      31 |  44.3 |      19 |       8 |  29.6
        D:3 |     172 |      15 |   8.0 |      25 |       6 |  19.4
        D:4 |      29 |       0 |   0.0 |       2 |       0 |   0.0
            +---------+---------+-------+---------+---------+-------

Illustrated notes

Table legend:
 A = Kills in this place as a percentage of kills in entire the game.
 B = Kills by you in this place as a percentage of kills by you in the entire game.
 C = Kills by friends in this place as a percentage of kills by friends in the entire game.
 D = Other kills in this place as a percentage of other kills in the entire game.
 E = Experience gained in this place as a percentage of experience gained in the entire game.
 F = Experience gained in this place divided by the number of levels of this place that you have seen.
                   A       B       C       D       E      F
               +-------+-------+-------+-------+-------+----------------------
         Total | 100.0 | 100.0 |   N/A |   N/A | 100.0 |  74.2
       Dungeon | 100.0 | 100.0 |   N/A |   N/A | 100.0 |  74.2
               +-------+-------+-------+-------+-------+----------------------

Table legend: (Time is in decaauts)
 A = Elapsed time spent in this place.
 B = Non-inter-level travel time spent in this place.
 C = Inter-level travel time spent in this place.
 D = Time resting spent in this place.
 E = Time spent auto-exploring this place.
 F = Levels seen in this place.
 G = Mean time per level.
                   A        B        C        D        E       F      G
               +--------+--------+--------+--------+--------+-----+--------+
         Total |   2871 |   2839 |     32 |    265 |   2233 |   4 |  717.8 |
       Dungeon |   2871 |   2839 |     32 |    265 |   2233 |   4 |  717.8 |
               +--------+--------+--------+--------+--------+-----+--------+

Top non-repeatable levels by time:
     D:3: 1200 daAuts
     D:2: 890 daAuts
     D:1: 750 daAuts
     D:4: 29 daAuts
